 Dungeon Crawl Stone Soup version 0.24-a0-375-g4de66ed42b (webtiles) character file.

Game seed: 17362887386539356361

3943 HAL9000 the Slicer (level 10, -12/46 HPs)
             Began as a Vine Stalker Assassin on May 31, 2019.
             Was a Follower of Uskayaw.
             Killed from afar by Erica (20 damage)
             ... with a bolt of poison
             ... on level 7 of the Dungeon.
             The game lasted 00:26:54 (8136 turns).

HAL9000 the Slicer (Vine Stalker Assassin)          Turns: 8136, Time: 00:26:55

Health: -12/46     AC:  5    Str: 16    XL:     10   Next: 21%
Magic:  0/13       EV: 11    Int: 11    God:    Uskayaw [*.....]
Gold:   175        SH:  0    Dex: 17    Spells: 3/9 levels left

rFire    . . .     SeeInvis .   a - +3 dagger
rCold    . . .     Gourm    .   (no shield)
rNeg     . . .     Faith    .   p - +0 leather armour
rPois    .         Spirit   +   (no helmet)
rElec    .         Reflect  .   c - +0 cloak
rCorr    .         Harm     .   h - +0 pair of gloves
MR       +....                  (no boots)
Stlth    ++........             (no amulet)
HPRegen  0.55/turn              v - ring of attention (curse)
MPRegen  0.13/turn              (no ring)

@: lethally poisoned (-12 -> -18), studying Axes
A: fangs 3, regeneration 1, magic shield, antimagic bite, no potion heal 3, rot
immunity
a: Stomp, Renounce Religion


You were on level 7 of the Dungeon.
You worshipped Uskayaw.
Uskayaw was noncommittal.
You were not hungry.

You visited 1 branch of the dungeon, and saw 8 of its levels.
You also visited: Bailey.

You collected 425 gold pieces.
You spent 250 gold pieces at shops.

Inventory:

Hand Weapons
 a - a +3 dagger (weapon)
 D - a +4 scimitar
Missiles
 e - 3 curare-tipped darts (quivered)
 k - 10 javelins
 B - 3 boomerangs
Armour
 c - a +0 cloak (worn)
 h - a +0 pair of gloves (worn)
 p - a +0 leather armour (worn)
Jewellery
 v - a cursed ring of attention (left hand)
Wands
 b - a wand of random effects (9)
Scrolls
 d - 3 scrolls of remove curse
 i - a scroll of fear
 o - a scroll of teleportation
 q - 2 scrolls of enchant weapon
 s - a scroll of magic mapping {unknown}
 t - 2 scrolls of immolation {unknown}
 w - 5 scrolls of identify {unknown}
 x - a scroll of noise {unknown}
 y - a scroll of vulnerability {unknown}
 z - a scroll of brand weapon {unknown}
 C - a scroll of blinking {unknown}
Potions
 g - a potion of agility
 j - 3 potions of heal wounds
 m - 2 potions of resistance
 n - a potion of ambrosia
 r - a potion of lignification {unknown}
 u - a potion of brilliance {unknown}
 A - a potion of curing
 E - a potion of berserk rage {unknown}
Books
 l - a manual of Axes
Comestibles
 f - 21 rations
 F - a chunk of flesh


   Skills:
 - Level 1.7 Fighting
 - Level 11.0 Short Blades
 - Level 1.7 Throwing
 - Level 0.7 Dodging
 - Level 4.8 Stealth
 + Level 6.9 Hexes
 - Level 3.6 Invocations


You had 3 spell levels left.
You knew the following spells:

 Your Spells              Type           Power        Failure   Level  Hunger
a - Confuse               Hex            ###.....     8%          3    ####...
b - Tukima's Dance        Hex            ###.....     8%          3    ####...

Your spell library contained the following spells:

 Spells                   Type           Power        Failure   Level  Hunger
 Confusing Touch          Hex            ###...       2%          1    ##.....
 Corona                   Hex            ###....      2%          1    ##.....
 Ensorcelled Hibernation  Hex/Ice        #.....       16%         2    ###....
 Dazzling Spray           Conj/Hex       #.....       32%         3    ####...
 Inner Flame              Hex/Fire       #.......     32%         3    ####...
 Summon Guardian Golem    Hex/Summ       #.......     32%         3    ####...
 Animate Skeleton         Necr           N/A          41%         1    ##.....
 Apportation              Tloc           #.....       41%         1    ##.....
 Flame Tongue             Conj/Fire      #....        41%         1    ##.....
 Summon Small Mammal      Summ           #...         41%         1    ##.....
 Call Imp                 Summ           #.......     54%         2    ###....
 Throw Flame              Conj/Fire      #.....       54%         2    ###....
 Call Canine Familiar     Summ           #.......     78%         3    ####...
 Conjure Flame            Conj/Fire      #.......     78%         3    ####...
 Sticky Flame             Conj/Fire      #.......     99%         4    #####..
 Summon Ice Beast         Ice/Summ       #.......     99%         4    #####..
 Summon Lightning Spire   Summ/Air       #.......     99%         4    #####..
 Fireball                 Conj/Fire      #.........   100%        5    ######.


Dungeon Overview and Level Annotations

Branches:
Dungeon (8/15)             Temple (0/1) D:4
   Lair: D:8-11

Altars:
Cheibriados
Elyvilon
Makhleb
Uskayaw
Wu Jian

Shops:
D:4 *:   D:6 *

Annotations:
D:4 3 runed translucent doors, kaisn's ghost, novice FoFi
D:7 Erica


Innate Abilities, Weirdness & Mutations

You have razor-sharp teeth.
Your natural rate of healing is unusually fast.
When hurt, damage is shared between your health and your magic reserves.
Your bite disrupts and absorbs the magic of your enemies.
Potions cannot restore your health.
You are immune to rotting.


Message History

There is an open door, spattered with blood here.
You close the door.
You feel yourself speed up.
Things that are here:
a +0 plate armour; a +0 flail Erica opens the door.
Erica casts a spell.
Erica flickers and vanishes!
You start resting.
There is a strange disturbance nearby!
You hear some strange, mumbled words.
An orb of energy appears from out of thin air!
The orb of energy hits you!!
* * * LOW HITPOINT WARNING * * *
Okay, then.
You hear some strange, mumbled words.
A bolt of poison appears from out of thin air!
The bolt of poison hits you!!
You are poisoned.
You die...

#.##.#........
#..#.#..#.#..#
#..#.#........
#..#.#........
#..#.#......##
#..#.#........
#..#.#...#####
#########..#..........
#....@.....###########
#.########............
#.# #############
##.####### #........#
########.# #.# #.# #.#
#########


There were no monsters in sight!

Vanquished Creatures
  Pikel (D:3)
  Grinder (D:4)
  Sigmund (D:6)
  A spriggan (D:7)
  Edmund (D:5)
  A water moccasin (D:8)
  A black bear (D:5)
  3 orc warriors
  An ice beast (D:7)
  2 ogres
  2 phantoms (D:4)
  2 centaurs
  A big kobold (D:8)
  Blork the orc (D:4)
  4 bullfrogs
  5 wights (D:8)
  3 howler monkeys
  A bullfrog zombie (D:5)
  A crimson imp (D:6)
  2 hounds
  2 jellies
  5 orc priests
  A centaur skeleton (D:8)
  7 orc wizards
  A gnoll shaman (D:8)
  6 worker ants
  2 hound zombies
  A worker ant zombie (D:8)
  7 gnolls
  13 adders
  2 shadow imps
  An adder skeleton (D:4)
  A worm (D:3)
  2 dart slugs (D:1)
  6 leopard geckos
  15 orcs
  4 giant cockroaches
  9 goblins
  10 hobgoblins
  28 kobolds
  2 quokkas (D:3)
  A ball python skeleton (D:6)
  12 bats
  5 frilled lizards
  2 quokka skeletons
  12 rats
192 creatures vanquished.

Vanquished Creatures (others)
  A phantom (D:4)
  2 slaves (D:4)
  A fungus (D:4)
  2 plants (D:4)
6 creatures vanquished.

Grand Total: 198 creatures vanquished

Notes
Turn   | Place    | Note
-------+----------+-------------------------------------------
     0 | D:1      | HAL9000 the Vine Stalker Assassin began the quest for the
                  | Orb.
     0 | D:1      | Reached XP level 1. HP: 11/11 MP: 2/2
    83 | D:1      | Reached skill level 2 in Short Blades
   159 | D:1      | Reached XP level 2. HP: 14/15 MP: 3/3
   461 | D:1      | Reached skill level 3 in Short Blades
   602 | D:1      | Reached XP level 3. HP: 18/18 MP: 4/4
   928 | D:2      | Gained mutation: Your natural rate of healing is unusually
                  | fast. [Vine Stalker growth]
   928 | D:2      | Reached XP level 4. HP: 6/23 MP: 3/5
   999 | D:2      | Reached skill level 4 in Short Blades
  1338 | D:2      | Reached XP level 5. HP: 15/26 MP: 4/6
  1913 | D:3      | Reached skill level 5 in Short Blades
  1971 | D:3      | Reached XP level 6. HP: 16/30 MP: 3/7
  2251 | D:3      | Reached skill level 6 in Short Blades
  2720 | D:3      | Found a snail-covered altar of Cheibriados.
  2837 | D:4      | Found Ivay's Book Boutique.
  2924 | D:4      | HP: 1/30 [centaur (4)]
  2926 | D:4      | Reached XP level 7. HP: 1/34 MP: 1/8
  2957 | D:4      | HP: 1/34 [hound (5)]
  3097 | D:4      | Reached skill level 7 in Short Blades
  3109 | D:4      | Noticed Pikel
  3114 | D:4      | Found a hide-covered altar of Uskayaw.
  3138 | D:4      | Noticed Grinder
  3201 | D:3      | Killed Pikel
  3201 | D:3      | Reached skill level 8 in Short Blades
  3201 | D:3      | Gained mutation: You have razor-sharp teeth. [Vine Stalker
                  | growth]
  3201 | D:3      | Reached XP level 8. HP: 33/38 MP: 9/9
  3373 | D:4      | Noticed Blork the orc
  3393 | D:4      | Killed Blork the orc
  3404 | D:4      | Reached skill level 9 in Short Blades
  3433 | D:4      | Found a burning altar of Makhleb.
  3495 | D:4      | Became a worshipper of Uskayaw the Reveler
  3513 | D:4      | Found Osunyt's General Store.
  3532 | D:4      | Reached * piety under Uskayaw
  3588 | D:4      | Found a staircase to the Ecumenical Temple.
  3618 | D:4      | Reached ** piety under Uskayaw
  3627 | D:4      | Reached *** piety under Uskayaw
  3628 | D:4      | Killed Grinder
  3721 | D:4      | Found a runed translucent gate.
  3721 | D:4      | Found a runed translucent gate.
  3721 | D:4      | Found a runed translucent gate.
  3721 | D:4      | Noticed kaisn's ghost (novice FoFi)
  3964 | D:5      | Entered Level 5 of the Dungeon
  4043 | D:5      | Reached skill level 10 in Short Blades
  4126 | D:5      | Found a white marble altar of Elyvilon.
  4387 | D:5      | Found an ornate altar of the Wu Jian Council.
  4609 | D:5      | Reached XP level 9. HP: 31/42 MP: 8/10
  5020 | D:6      | Noticed Edmund
  5047 | D:5      | Killed Edmund
  5219 | D:5      | Reached skill level 11 in Short Blades
  5290 | D:6      | Found Juoxurr's General Store.
  5382 | D:4      | Bought a book of Maledictions for 250 gold pieces
  5411 | D:5      | Learned a level 3 spell: Confuse
  5415 | D:5      | Learned a level 3 spell: Tukima's Dance
  5509 | D:6      | Noticed Sigmund
  5522 | D:6      | Killed Sigmund
  5794 | D:7      | Found a burning altar of Makhleb.
  6484 | D:7      | Reached skill level 1 in Hexes
  7352 | D:7      | Reached skill level 5 in Hexes
  7352 | D:7      | Reached XP level 10. HP: 30/46 MP: 11/13
  7489 | D:8      | Found a flagged portal.
  7498 | Bailey   | Entered a bailey
  7661 | Bailey   | Noticed an orc knight
  7661 | Bailey   | Noticed an orc knight
  7795 | D:8      | Noticed Erica
  7923 | D:8      | Reached **** piety under Uskayaw
  8100 | D:7      | HP: 2/46 [something (9)]
  8136 | D:7      | Killed from afar by Erica

Levels and vault maps discovered:
D:1:      dpeg_arrival_ratfight, layout_basic
D:2:      layout_basic
D:3:      layout_basic, lemuel_doored_altar, grunt_decor_resistance,
          kennysheep_decorative_pillar
D:4:      lemuel_upstairs_altar, layout_basic, old_standard_altar,
          overflow_temple_1_default, temple_hall, serial_shops, shop_fountains,
          nicolae_shop_competitors_out_of_business,
          gammafunk_ghost_nasty_kobolds, nrook_mini_vaults,
          minmay_strange_pillars, chequers_serial_rivers_micro_a,
          minmay_manual_monstrance, uniq_blork_the_orc, uniq_grinder, uniq_pikel
D:5:      layout_loops_corners, nicolae_overflow_crystal_walls, basic_altar,
          first_ration
D:6:      layout_cave_pools, serial_shops, shop, hex_tiny, uniq_edmund,
          uniq_sigmund
D:7:      layout_basic, the_bakery, bloody_makhleb
D:8:      layout_gridville, enter_bailey_1, serial_shops,
          nicolae_shop_waterfront, uniq_erica

Skill      XL: |  1  2  3  4  5  6  7  8  9 10 |
---------------+-------------------------------+-----
Short Blades   | 2 3 4 5 6 8 10 11 | 11.0
Invocations    | 3 |  3.6
Hexes          | 5 6 |  6.9
Fighting       | |  1.7
Throwing       | |  1.7
Dodging        | |  0.7
Stealth        | |  4.8

Action                   |  1- 3 |  4- 6 |  7- 9 | 10-12 || total
-------------------------+-------+-------+-------+-------++-------
Melee: Dagger            |   102 |   203 |   375 |   114 ||   794
       Bite              |    24 |    51 |   151 |    40 ||   266
Throw: Dart              |     2 |    24 |    48 |    17 ||    91
       Boomerang         |       |       |       |    12 ||    12
Invok: Line Pass         |       |       |       |     1 ||     1
Evoke: Wand              |       |       |     7 |       ||     7
  Use: Scroll            |       |       |     4 |     1 ||     5
       Potion            |       |       |       |     3 ||     3
 Stab: Sleeping          |     6 |     8 |     3 |       ||    17
       Distracted        |     1 |       |       |       ||     1
       Paralysed         |       |       |     2 |     4 ||     6
  Eat: Chunk             |       |     6 |    14 |     3 ||    23
Armor: Robe              |    17 |    24 |       |       ||    41
       Leather armour    |       |    10 |    59 |    42 ||   111
Dodge: Dodged            |    48 |    93 |    97 |    99 ||   337

Table legend:
 A = Non-vault XP
 B = Vault XP
 C = Vault XP percentage of total XP
 D = Non-vault monster count
 E = Vault monster count
 F = Vault count percentage of total count
                 A         B        C        D         E       F
            +---------+---------+-------+---------+---------+-------
      Total |    3615 |    2019 |  35.8 |     158 |      34 |  17.7
            +---------+---------+-------+---------+---------+-------
        D:1 |      39 |       5 |  11.4 |      22 |       5 |  18.5
        D:2 |     133 |       0 |   0.0 |      25 |       0 |   0.0
        D:3 |     345 |     641 |  65.0 |      36 |       1 |   2.7
        D:4 |     456 |     483 |  51.4 |       8 |       5 |  38.5
        D:5 |     521 |     164 |  23.9 |      14 |       1 |   6.7
        D:6 |     410 |     220 |  34.9 |      13 |       1 |   7.1
        D:7 |     894 |     215 |  19.4 |      22 |       1 |   4.3
        D:8 |     817 |       0 |   0.0 |      18 |       0 |   0.0
     Bailey |       0 |     291 | 100.0 |       0 |      20 | 100.0
            +---------+---------+-------+---------+---------+-------
